 Dungeon Crawl Stone Soup version 0.25.1-8-g42b30a86e7 (webtiles) character file.

Game seed: 10735701928433990982

220864 gruber the Rich (level 19, 0/146 HPs)
             Began as a Gnoll Ice Elementalist on Dec 10, 2020.
             Was an Initiate of Gozag.
             Killed by mirror damage (4 damage)
             ... on level 2 of the Vaults on Dec 12, 2020.
             The game lasted 01:09:10 (46225 turns).

gruber the Rich (Gnoll Ice Elementalist)           Turns: 46225, Time: 01:09:11

Health: 0/146      AC: 13    Str: 16    XL:     19   Next: 19%
Magic:  29/35      EV: 37    Int: 31    God:    Gozag
Gold:   3861       SH: 13    Dex: 20    Spells: 20/43 levels left

rFire    . . .     SeeInvis +   g - +8 fustibalus "Jatet" {venom, rF+ rC- Int+3 SInv}
rCold    . . .     Gourm    .   K - +0 kite shield
rNeg     . . .     Faith    .   t - +4 robe of Augmentation {Str+4 Int+4 Dex+4}
rPois    +         Spirit   .   u - +2 helmet
rElec    .         Reflect  .   P - +0 cloak
rCorr    .         Harm     .   R - +0 pair of gloves
MR       +....                  (no boots)
Stlth    ++++++....             e - amulet "Wofaplia" {Acrobat rPois SInv}
HPRegen  0.34/turn              o - ring of wizardry
MPRegen  0.24/turn              r - ring of ice

@: flayed, gold aura, acrobat, slowed, very slow
A: distributed training, fangs 1, strong nose
}: 1/15 runes: gossamer
a: Potion Petition, Call Merchant, Bribe Branch, Renounce Religion


You were on level 2 of the Vaults.
You worshipped Gozag.
Gozag was most pleased with you.
You were not hungry.

You visited 6 branches of the dungeon, and saw 30 of its levels.
You also visited: Sewer.

You collected 10922 gold pieces.
You spent 2715 gold pieces at shops.
You paid 4346 gold pieces to Gozag.

Inventory:

Hand Weapons
 g - the +8 fustibalus "Jatet" (weapon) {venom, rF+ rC- Int+3 SInv}
   (You found it on level 14 of the Dungeon)

   It poisons the ammo it fires.
   It affects your intelligence (+3).
   It protects you from fire.
   It makes you vulnerable to cold.
   It lets you see invisible.
 T - the +6 Majin-Bo {vamp, Archmagi MP+6 Int+6}
   (You bought it in a shop on level 9 of the Dungeon)

   It inflicts no extra harm, but heals its wielder when it wounds a living foe.
   It affects your intelligence (+6).
   It affects your magic capacity (+6).
Missiles
 l - 458 stones (quivered)
 D - a throwing net
 Y - 5 javelins
 Z - 11 curare-tipped darts
Armour
 t - the +4 robe of Augmentation (worn) {Str+4 Int+4 Dex+4}
   (You found it on level 6 of the Lair of Beasts)

   It affects your strength (+4).
   It affects your intelligence (+4).
   It affects your dexterity (+4).
 u - a +2 helmet (worn)
 K - a +0 kite shield (worn)
 P - a +0 cloak (worn)
 R - a +0 pair of gloves (worn)
Jewellery
 e - the amulet "Wofaplia" (around neck) {Acrobat rPois SInv}
   (You found it on level 1 of the Spider Nest)

   [amulet of the acrobat]

   It helps you evade while moving and waiting.
   It protects you from poison.
   It lets you see invisible.
 o - a ring of wizardry (left hand)
 p - an uncursed ring of protection from magic
 r - a ring of ice (right hand)
Wands
 f - a wand of flame (38)
 q - a wand of paralysis (12)
 v - a wand of iceblast (52)
 z - a wand of enslavement (6)
 E - a wand of polymorph (9)
 N - a wand of acid (8)
 O - a wand of disintegration (22)
 W - a wand of clouds (8)
Scrolls
 b - 12 scrolls of teleportation {unknown}
 d - 3 scrolls of fear
 i - 2 scrolls of blinking
 j - 12 scrolls of enchant armour {unknown}
 k - 4 scrolls of magic mapping {unknown}
 s - 14 scrolls of remove curse
 w - 6 scrolls of amnesia {unknown}
 x - 5 scrolls of noise {unknown}
 y - 7 scrolls of fog {unknown}
 A - 4 scrolls of immolation {unknown}
 B - 2 scrolls of silence {unknown}
 I - 5 scrolls of enchant weapon {unknown}
 J - 2 scrolls of brand weapon {unknown}
Potions
 a - 4 potions of flight
 h - 5 potions of might
 m - 7 potions of curing
 n - 4 potions of haste
 C - a potion of berserk rage
 H - 2 potions of invisibility
 L - 3 potions of stabbing
 M - 4 potions of cancellation
 Q - 7 potions of brilliance
 S - a potion of heal wounds
 U - 2 potions of resistance
 X - 2 potions of magic
Miscellaneous
 G - a phantom mirror
Comestibles
 c - 28 rations


   Skills:
 + Level 12.1 Fighting
 + Level 12.1 Short Blades
 + Level 12.1 Long Blades
 + Level 12.1 Axes
 + Level 12.1 Maces & Flails
 + Level 12.1 Polearms
 + Level 12.1 Staves
 + Level 12.1 Slings
 + Level 12.1 Bows
 + Level 12.1 Crossbows
 + Level 12.1 Throwing
 + Level 12.1 Armour
 + Level 12.8 Dodging
 + Level 12.7 Stealth
 + Level 12.1 Shields
 + Level 12.1 Unarmed Combat
 + Level 12.9 Spellcasting
 + Level 10.3 Conjurations
 + Level 10.3 Hexes
 + Level 10.3 Charms
 + Level 10.3 Summonings
 + Level 10.3 Necromancy
 + Level 10.3 Translocations
 + Level 10.3 Transmutations
 + Level 10.3 Fire Magic
 + Level 12.3 Ice Magic
 + Level 10.3 Air Magic
 + Level 10.3 Earth Magic
 + Level 10.3 Poison Magic
 + Level 13.0 Invocations
 + Level 12.1 Evocations


You had 20 spell levels left.
You knew the following spells:

 Your Spells              Type           Power        Failure   Level  Hunger
a - Freeze                Ice            ####         0%          1    None
b - Frozen Ramparts       Ice            ######       1%          3    None
c - Hailstorm             Conj/Ice       #######.     1%          4    None
d - Summon Ice Beast      Ice/Summ       #######.     1%          4    None
e - Freezing Cloud        Conj/Ice/Air   #######...   2%          6    ####...
f - Borgnjor's Vile Clut  Necr/Erth      ######....   1%          5    None

Your spell library contained the following spells:

 Spells                   Type           Power        Failure   Level  Hunger
 Animate Skeleton         Necr           N/A          1%          1    None
 Corona                   Hex            ######.      1%          1    None
 Infusion                 Chrm           ####         1%          1    None
 Magic Dart               Conj           ####         1%          1    None
 Pain                     Necr           ####         1%          1    None
 Ensorcelled Hibernation  Hex/Ice        ######       1%          2    None
 Passwall                 Tmut/Erth      ######..     1%          2    None
 Poisonous Vapours        Pois/Air       ######       1%          2    None
 Searing Ray              Conj           ######       1%          2    None
 Shroud of Golubria       Chrm/Tloc      ######       1%          2    None
 Song of Slaying          Chrm           ######..     1%          2    None
 Swiftness                Chrm/Air       ######..     1%          2    None
 Confusing Touch          Hex            ######..     1%          3    None
 Conjure Flame            Conj/Fire      ######..     1%          3    None
 Dazzling Flash           Conj/Hex       ######       1%          3    None
 Gell's Gravitas          Tloc           ######....   1%          3    None
 Ignite Poison            Fire/Tmut/Pois ######..     1%          3    None
 Mephitic Cloud           Conj/Pois/Air  ######..     1%          3    None
 Ozocubu's Armour         Chrm/Ice       #######.     1%          3    None
 Recall                   Summ/Tloc      N/A          1%          3    None
 Spectral Weapon          Hex/Chrm       ######..     1%          3    None
 Tukima's Dance           Hex            ######..     1%          3    None
 Vampiric Draining        Necr           ######....   1%          3    None
 Animate Dead             Necr           N/A          1%          4    None
 Fulminant Prism          Conj/Hex       ######....   1%          4    None
 Iskenderun's Mystic Bla  Conj/Tloc      ######..     1%          4    None
 Passage of Golubria      Tloc           N/A          1%          4    None
 Petrify                  Tmut/Erth      ######..     1%          4    None
 Agony                    Necr           ######..     1%          5    None
 Fireball                 Conj/Fire      ######....   1%          5    None
 Lee's Rapid Deconstruct  Erth           ######....   1%          5    None
 Metabolic Englaciation   Hex/Ice        #######...   1%          5    None
 Yara's Violent Unravell  Hex/Tmut       ######....   1%          5    None
 Simulacrum               Ice/Necr       #######...   2%          6    ####...
 Darkness                 Hex            ######....   3%          6    ####...
 Death Channel            Necr           ######....   3%          6    ####...
 Invisibility             Hex            ######..     3%          6    ####...
 Starburst                Conj/Fire      ######....   3%          6    ####...
 Ring of Flames           Chrm/Fire      ######....   16%         7    #####..
 Ignition                 Fire           ######....   75%         8    #######


Dungeon Overview and Level Annotations

Branches:
Dungeon (15/15)            Temple (1/1) D:4            Lair (6/6) D:8
 Shoals (0/4) Lair:4       Spider (4/4) Lair:3        Slime (0/5) Lair:6
    Orc (2/2) D:11            Elf (0/3) Orc:2        Vaults (2/5) D:13
 Depths (0/5) D:15          Sewer (visited)
  Crypt: Vaults:2-3

Altars:
Ashenzari
Cheibriados
Dithmenos
Elyvilon
Fedhas
Gozag
Hepliaklqana
Kikubaaqudgha
Makhleb
Nemelex Xobeh
Okawaru
Qazlal
Ru
Sif Muna
Trog
Uskayaw
Vehumet
Wu Jian
Xom
Yredelemnul
Zin
The Shining One
Beogh

Shops:
D:6 (   D:9 *   D:11 [=:   D:13 }   Orc:2 [:(*   Spider:1 =

Annotations:
D:11 1 runed translucent door, nikku's ghost, journeyman DEIE


Innate Abilities, Weirdness & Mutations

Your experience applies equally to all skills.
You have very sharp teeth.
Your uncanny sense of smell can sniff out nearby items.


Message History

The death knight is engulfed in freezing vapours.
The death knight reflects your damage back at you!
* * * LOW HITPOINT WARNING * * *
You block the freezing wraith's attack. The freezing wraith hits you!
* * * LOW HITPOINT WARNING * * *
The freezing wraith drains your vigour!
You feel yourself slow down.
The vault sentinel is engulfed in freezing vapours.
A yaktaur comes into view.
The death knight is engulfed in freezing vapours.
The yaktaur moves out of view.
Found a stone staircase leading down.
Unknown command.
Unknown command.
Something reflects your damage back at you!
* * * LOW HITPOINT WARNING * * *
The yaktaur captain shoots a bolt.
You block the bolt.
A yaktaur comes into view.
Something reflects your damage back at you!
You die...
Your body crumbles into a pile of gold.

#..#......######
#..#......#.....
#..#....).#.....
+..#....))#).... .>
#cc#.....)).....
.(c§#####c.#......#).<..
((Wpp§p$'..#......#.....
#######W#..#......######
∆ #@#..'......#
#.#..######## #.#..#
###..# #..# #..# #..#
#..# #.!#


You could see a death knight (poisoned), a yaktaur captain, 2 yaktaurs and a
freezing wraith.

Vanquished Creatures
  Bai Suzhen (Spider:4)
  Arachne (Spider:3)
  Frances (D:12)
  3 vault wardens (Vaults:1)
  6 ghost moths
  An orc warlord (Orc:2)
  2 emperor scorpions (Spider:4)
  An ironheart preserver (Vaults:1)
  9 entropy weavers
  A deep elf annihilator (Vaults:2)
  4 spark wasps
  A spark wasp (shapeshifter) (Vaults:1)
  Snorg (D:10)
  A fire dragon (Vaults:1)
  A yaktaur captain (Vaults:1)
  Fannar (Lair:3)
  2 hydras
  2 centaur warriors
  2 ogre magi (Vaults:1)
  5 two-headed ogres
  A tengu warrior (D:15)
  2 death knights
  9 death yaks (Lair:6)
  Sonja (D:10)
  5 orc high priests
  3 deep elf knights
  A glowing orange brain (Vaults:1)
  8 skeletal warriors
  A deep troll (Vaults:1)
  A hell knight (D:15)
  A wizard (Vaults:1)
  An unseen horror (shapeshifter) (Vaults:1)
  A deep elf archer (Vaults:1)
  3 unseen horrors
  A lindwurm (Lair:6)
  A deep elf mage (Vaults:2)
  An ironbrand convoker (Vaults:1)
  8 orc knights
  20 orb spiders
  2 oklob plants (Lair:3)
  A salamander (shapeshifter) (D:13)
  30 wolf spiders
  A manticore (D:15)
  3 ugly things (Vaults:1)
  4 orc sorcerers
  5 cyclopes
  6 elephants
  Maurice (D:10)
  A merfolk siren (Lair:4)
  4 vault sentinels (Vaults:1)
  A black mamba (shapeshifter) (Vaults:1)
  2 black mambas
  Psyche (D:8)
  Maggie (D:8)
  2 torpor snails (Spider:1)
  8 spiny frogs
  6 komodo dragons
  A kobold demonologist (D:13)
  11 yaktaurs (Vaults:1)
  13 demonic crawlers
  2 rime drakes
  4 freezing wraiths
  27 jumping spiders
  A queen bee (Spider:4)
  12 trolls
  3 meliai (Spider:4)
  A polar bear (Lair:6)
  A blink frog (shapeshifter) (Vaults:1)
  Prince Ribbit (D:7)
  9 hornets
  7 hippogriffs
  6 slime creatures (Vaults:1)
  15 blink frogs
  3 vampires
  2 wraiths
  80 redbacks
  34 yaks
  36 tarantellas
  3 wyverns
  A hog (shapeshifter) (Vaults:1)
  A fire elemental (Spider:3)
  A hog (Spider:2)
  3 steam dragons
  3 basilisks
  3 hungry ghosts
  6 wargs
  3 swamp worms (Lair:6)
  An acid dragon (Vaults:1)
  9 water moccasins
  26 soldier ants
  9 porcupines
  A floating eye (shapeshifter) (Vaults:1)
  9 sky beasts
  3 ice beasts
  34 orc warriors
  4 black bears
  2 necrophages
  10 wolves
  An eye of draining (D:13)
  10 centaurs
  4 phantoms
  13 crocodiles
  12 ogres
  4 big kobolds
  27 bullfrogs
  5 scorpions
  20 killer bees
  3 electric eels
  14 wights
  7 howler monkeys
  5 crimson imps
  2 centaur zombies
  3 jellies
  A quasit (D:7)
  10 hounds
  15 orc priests
  22 orc wizards
  A bullfrog skeleton (D:7)
  5 centaur skeletons
  5 iguanas
  28 worker ants
  A hound skeleton (D:4)
  Robin (D:4)
  6 gnolls
  14 adders
  3 shadow imps
  12 white imps (D:11)
  2 oozes
  An adder zombie (D:5)
  2 adder skeletons
  4 worms
  A dart slug (D:2)
  3 leopard geckos
  An orc (shapeshifter) (D:13)
  62 orcs
  6 giant cockroaches
  15 goblins
  14 hobgoblins
  19 jackals
  22 kobolds
  A quokka (D:10)
  4 ball pythons
  9 bats
  4 frilled lizards
  A jackal zombie (D:5)
  5 rats
  5 fungi
  6 plants
1036 creatures vanquished.

Vanquished Creatures (collateral kills)
  Kirke (Spider:2)
  The ghost of Deubuorch the Thaumaturge, an adept GnIE of Vehumet (Spider:1)
  Azrael (Spider:3)
  An ettin (D:15)
  A catoblepas (Lair:6)
  4 hydras
  2 two-headed ogres
  A deep troll shaman (Lair:6)
  A queen ant (Lair:5)
  A deep elf knight (D:15)
  A skeletal warrior (D:15)
  A phantasmal warrior (D:15)
  2 wolf spiders
  An ugly thing (D:10)
  An orb spider (Lair:3)
  2 elephants (Lair:2)
  A black mamba (Lair:2)
  A rime drake (Lair:5)
  A yaktaur (Vaults:1)
  A troll (D:11)
  A jumping spider (Spider:4)
  A hornet (D:14)
  A tyrant leech (Lair:6)
  A blink frog (Lair:6)
  A redback (Spider:4)
  A human (shapeshifter) (D:13)
  4 tarantellas
  A hungry ghost (D:9)
  8 yaks
  3 fire elementals (Spider:3)
  A water moccasin (Lair:6)
  2 soldier ants (Lair:5)
  A nameless horror (D:5)
  2 orc warriors
  A black bear (D:10)
  An ogre (Vaults:1)
  2 bullfrogs
  2 killer bees (D:9)
  2 wights
  A quasit (D:11)
  An adder (D:8)
  An orc (D:8)
65 creatures vanquished.

Vanquished Creatures (others)
  A wolf spider (Spider:4)
  3 bushes
  63 fungi
  63 plants
130 creatures vanquished.

Grand Total: 1231 creatures vanquished

Notes
Turn   | Place    | Note
-------+----------+-------------------------------------------
     0 | D:1      | gruber the Gnoll Ice Elementalist began the quest for the
                  | Orb.
     0 | D:1      | Reached XP level 1. HP: 13/13 MP: 6/6
   122 | D:1      | Reached XP level 2. HP: 12/19 MP: 4/7
   836 | D:1      | Reached XP level 3. HP: 23/25 MP: 9/9
   872 | D:1      | Learned a level 3 spell: Frozen Ramparts
   890 | D:1      | Reached skill level 5 in Spellcasting
  1407 | D:2      | Reached skill level 1 in Invocations
  1540 | D:2      | Noticed a phantom
  1580 | D:2      | Reached skill level 1 in Fighting
  1580 | D:2      | Reached skill level 1 in Short Blades
  1580 | D:2      | Reached skill level 1 in Long Blades
  1580 | D:2      | Reached skill level 1 in Axes
  1580 | D:2      | Reached skill level 1 in Maces & Flails
  1580 | D:2      | Reached skill level 1 in Polearms
  1580 | D:2      | Reached skill level 1 in Staves
  1580 | D:2      | Reached skill level 1 in Slings
  1580 | D:2      | Reached skill level 1 in Bows
  1580 | D:2      | Reached skill level 1 in Crossbows
  1580 | D:2      | Reached skill level 1 in Throwing
  1580 | D:2      | Reached skill level 1 in Armour
  1580 | D:2      | Reached skill level 1 in Shields
  1580 | D:2      | Reached skill level 1 in Unarmed Combat
  1580 | D:2      | Reached skill level 1 in Evocations
  1590 | D:2      | Reached XP level 4. HP: 31/32 MP: 4/11
  1598 | D:2      | Learned a level 4 spell: Hailstorm
  1603 | D:2      | Learned a level 4 spell: Summon Ice Beast
  1828 | D:2      | Reached skill level 1 in Conjurations
  1828 | D:2      | Reached skill level 1 in Hexes
  1828 | D:2      | Reached skill level 1 in Charms
  1828 | D:2      | Reached skill level 1 in Summonings
  1828 | D:2      | Reached skill level 1 in Necromancy
  1828 | D:2      | Reached skill level 1 in Translocations
  1828 | D:2      | Reached skill level 1 in Transmutations
  1828 | D:2      | Reached skill level 1 in Fire Magic
  1828 | D:2      | Reached skill level 1 in Air Magic
  1828 | D:2      | Reached skill level 1 in Earth Magic
  1828 | D:2      | Reached skill level 1 in Poison Magic
  2121 | D:2      | Found a sacrificial altar of Ru.
  2214 | D:2      | Reached XP level 5. HP: 37/37 MP: 8/12
  3369 | D:4      | Noticed Robin
  3377 | D:4      | Killed Robin
  3530 | D:4      | Reached XP level 6. HP: 44/44 MP: 9/13
  3533 | D:4      | Reached skill level 2 in Invocations
  3544 | D:4      | Reached skill level 5 in Dodging
  3724 | D:4      | Reached XP level 7. HP: 40/50 MP: 11/15
  3820 | D:4      | Found a staircase to the Ecumenical Temple.
  3917 | Temple   | Entered the Ecumenical Temple
  4023 | Temple   | Became a worshipper of Gozag Ym Sagoz the Greedy
  4466 | D:5      | Entered Level 5 of the Dungeon
  4833 | D:5      | Noticed a hungry ghost
  4843 | D:5      | Noticed a nameless horror
  4851 | D:5      | Killed a nameless horror
  4890 | D:5      | Killed a hungry ghost
  4890 | D:5      | Reached skill level 5 in Stealth
  4890 | D:5      | Reached skill level 3 in Invocations
  5013 | D:5      | Reached XP level 8. HP: 53/57 MP: 13/16
  5643 | D:6      | Found a glowing drain.
  5665 | Sewer    | Entered a sewer
  6415 | D:6      | Reached skill level 4 in Invocations
  6423 | D:6      | Reached XP level 9. HP: 61/65 MP: 12/18
  6536 | D:6      | Found Hutekloh's Weapon Boutique.
  7216 | D:7      | Noticed Prince Ribbit
  7228 | D:7      | Killed Prince Ribbit
  7805 | D:7      | Reached skill level 5 in Invocations
  8072 | D:8      | Noticed Psyche
  8075 | D:8      | Killed Psyche
  8075 | D:8      | Reached XP level 10. HP: 15/73 MP: 1/20
  8271 | D:8      | Noticed Maggie
  8277 | D:8      | Killed Maggie
  8277 | D:8      | Reached skill level 5 in Fighting
  8277 | D:8      | Reached skill level 5 in Short Blades
  8277 | D:8      | Reached skill level 5 in Long Blades
  8277 | D:8      | Reached skill level 5 in Axes
  8277 | D:8      | Reached skill level 5 in Maces & Flails
  8277 | D:8      | Reached skill level 5 in Polearms
  8277 | D:8      | Reached skill level 5 in Staves
  8277 | D:8      | Reached skill level 5 in Slings
  8277 | D:8      | Reached skill level 5 in Bows
  8277 | D:8      | Reached skill level 5 in Crossbows
  8277 | D:8      | Reached skill level 5 in Throwing
  8277 | D:8      | Reached skill level 5 in Armour
  8277 | D:8      | Reached skill level 5 in Shields
  8277 | D:8      | Reached skill level 5 in Unarmed Combat
  8277 | D:8      | Reached skill level 5 in Evocations
  8886 | D:8      | Found a staircase to the Lair.
  9118 | D:8      | Reached skill level 6 in Invocations
  9681 | D:9      | Reached XP level 11. HP: 78/81 MP: 10/22
 10255 | D:9      | Found a blossoming altar of Fedhas.
 10426 | D:9      | Found Syathrash's Wicked Wares.
 10427 | D:9      | Found a basalt altar of Yredelemnul.
 10461 | D:9      | Bought the +6 Majin-Bo {vamp, Archmagi MP+6 Int+6} for 964
                  | gold pieces
 10461 | D:9      | Found the +6 Majin-Bo {vamp, Archmagi MP+6 Int+6}
 10757 | D:10     | Entered Level 10 of the Dungeon
 10784 | D:10     | Noticed Sonja
 10794 | D:10     | Killed Sonja
 10794 | D:10     | Reached skill level 5 in Conjurations
 10794 | D:10     | Reached skill level 5 in Hexes
 10794 | D:10     | Reached skill level 5 in Charms
 10794 | D:10     | Reached skill level 5 in Summonings
 10794 | D:10     | Reached skill level 5 in Necromancy
 10794 | D:10     | Reached skill level 5 in Translocations
 10794 | D:10     | Reached skill level 5 in Transmutations
 10794 | D:10     | Reached skill level 5 in Fire Magic
 10794 | D:10     | Reached skill level 5 in Air Magic
 10794 | D:10     | Reached skill level 5 in Earth Magic
 10794 | D:10     | Reached skill level 5 in Poison Magic
 11148 | D:10     | Noticed Snorg
 11161 | D:10     | Killed Snorg
 11358 | D:10     | Found a shimmering blue altar of Sif Muna.
 11358 | D:10     | Noticed a white ugly thing
 11375 | D:10     | Killed a white ugly thing
 11375 | D:10     | Reached skill level 7 in Invocations
 11666 | D:10     | Noticed Maurice
 11695 | D:10     | Killed Maurice
 12292 | D:11     | Found a runed translucent door.
 12292 | D:11     | Noticed nikku's ghost (journeyman DEIE)
 12472 | D:11     | Noticed a cyclops
 12480 | D:11     | Killed a cyclops
 13502 | D:11     | Reached XP level 12. HP: 89/89 MP: 24/24
 13533 | D:11     | Found a staircase to the Orcish Mines.
 13884 | Lair:1   | Entered Level 1 of the Lair of Beasts
 14132 | Lair:1   | Noticed a five-headed hydra
 14138 | Lair:1   | Killed a five-headed hydra
 15435 | Lair:2   | Reached skill level 8 in Invocations
 16280 | Lair:3   | Noticed Fannar
 16479 | Lair:3   | Found a hole to the Spider Nest.
 16704 | Lair:3   | Killed Fannar
 17044 | Lair:3   | Noticed a five-headed hydra
 17049 | Lair:3   | Killed a five-headed hydra
 17049 | Lair:3   | Reached XP level 13. HP: 82/98 MP: 15/26
 17923 | Lair:4   | Found a staircase to the Shoals.
 18473 | Lair:4   | Got a faintly glowing trident
 18474 | Lair:4   | Identified the +7 trident "Loweol" {protect, Str+4} (You
                  | found it on level 4 of the Lair of Beasts)
 19245 | Lair:5   | Noticed an entropy weaver
 19256 | Lair:4   | Killed an entropy weaver
 19628 | Lair:5   | Noticed an entropy weaver
 19644 | Lair:5   | Killed an entropy weaver
 19644 | Lair:5   | Reached skill level 9 in Invocations
 20334 | Lair:5   | Reached skill level 10 in Ice Magic
 21026 | Lair:5   | Learned a level 6 spell: Freezing Cloud
 21776 | Lair:6   | Entered Level 6 of the Lair of Beasts
 22302 | Lair:6   | Reached skill level 10 in Spellcasting
 22390 | Lair:6   | Reached XP level 14. HP: 106/106 MP: 28/28
 22710 | Lair:6   | Reached skill level 10 in Dodging
 22908 | Lair:6   | Reached skill level 10 in Stealth
 23422 | Lair:6   | Found a staircase to the Slime Pits.
 23778 | Lair:6   | Reached skill level 10 in Invocations
 24049 | Lair:6   | Found the +4 robe of Augmentation {Str+4 Int+4 Dex+4}
 24610 | Orc:1    | Entered Level 1 of the Orcish Mines
 24924 | Orc:2    | Entered Level 2 of the Orcish Mines
 25092 | Orc:2    | HP: 2/108 [orc warrior/boomerang (10)]
 25844 | Orc:2    | Found Xuop's Book Emporium.
 25881 | Orc:2    | Noticed an orc warlord
 25999 | D:11     | Bought a cursed ring of teleportation for 67 gold pieces
 26096 | D:9      | Bought a book of Unlife for 845 gold pieces
 26102 | D:9      | Learned a level 5 spell: Borgnjor's Vile Clutch
 26838 | D:12     | Got a wavering glass ring
 26920 | D:12     | Noticed Frances
 26925 | D:12     | Killed Frances
 27254 | D:13     | Found Ydwer's Gadget Emporium.
 27448 | D:13     | Reached XP level 15. HP: 27/114 MP: 15/29
 27831 | D:13     | Found a gate to the Vaults.
 29093 | D:14     | Identified the ring of Dishonesty {Fire *Drain Str+6
                  | Slay+3} (You found it on level 12 of the Dungeon)
 29326 | D:14     | Got a twisted fustibalus
 29327 | D:14     | Identified the +8 fustibalus "Jatet" {venom, rF+ rC- Int+3
                  | SInv} (You found it on level 14 of the Dungeon)
 31773 | D:15     | Entered Level 15 of the Dungeon
 32310 | D:15     | Found a staircase to the Depths.
 33306 | Orc:2    | Reached skill level 10 in Fighting
 33306 | Orc:2    | Reached skill level 10 in Short Blades
 33306 | Orc:2    | Reached skill level 10 in Long Blades
 33306 | Orc:2    | Reached skill level 10 in Axes
 33306 | Orc:2    | Reached skill level 10 in Maces & Flails
 33306 | Orc:2    | Reached skill level 10 in Polearms
 33306 | Orc:2    | Reached skill level 10 in Staves
 33306 | Orc:2    | Reached skill level 10 in Slings
 33306 | Orc:2    | Reached skill level 10 in Bows
 33306 | Orc:2    | Reached skill level 10 in Crossbows
 33306 | Orc:2    | Reached skill level 10 in Throwing
 33306 | Orc:2    | Reached skill level 10 in Armour
 33306 | Orc:2    | Reached skill level 10 in Shields
 33306 | Orc:2    | Reached skill level 10 in Unarmed Combat
 33306 | Orc:2    | Reached skill level 10 in Evocations
 33905 | Orc:2    | Killed an orc warlord
 34194 | Orc:2    | Reached skill level 11 in Invocations
 34310 | Orc:2    | Found Senin's Antique Weapon Emporium.
 34413 | Orc:2    | Found Fetusm's Antique Armour Shoppe.
 34413 | Orc:2    | Found a staircase to the Elven Halls.
 34470 | Orc:2    | Found a roughly hewn altar of Beogh.
 34514 | Orc:2    | Found Addopp's General Store.
 35003 | Orc:1    | Found a roughly hewn altar of Beogh.
 35150 | Orc:2    | Bought a smoking rapier for 189 gold pieces
 35375 | Spider:1 | Entered Level 1 of the Spider Nest
 35685 | Spider:1 | Reached XP level 16. HP: 82/122 MP: 27/31
 35853 | Spider:1 | Found a runed translucent gate.
 35853 | Spider:1 | Found a runed translucent gate.
 35853 | Spider:1 | Found a runed translucent gate.
 35857 | Spider:1 | Noticed Deubuorch's ghost (adept GnIE)
 35858 | Spider:1 | Got a crude ring mail
 37402 | Spider:1 | Killed Deubuorch's ghost
 37741 | Spider:1 | Got a glittering emerald amulet
 37907 | Spider:1 | Bought a ration for 50 gold pieces
 37907 | Spider:1 | Bought a ration for 50 gold pieces
 37907 | Spider:1 | Bought a ration for 50 gold pieces
 37907 | Spider:1 | Bought a ration for 50 gold pieces
 37907 | Spider:1 | Bought a ration for 50 gold pieces
 37907 | Spider:1 | Bought a ration for 50 gold pieces
 37907 | Spider:1 | Bought a ration for 50 gold pieces
 37907 | Spider:1 | Bought a ration for 50 gold pieces
 37907 | Spider:1 | Bought a ration for 50 gold pieces
 37907 | Spider:1 | Bought a ration for 50 gold pieces
 37907 | Spider:1 | Bought a ration for 50 gold pieces
 37907 | Spider:1 | Bought a ration for 50 gold pieces
 37907 | Spider:1 | Bought a ration for 50 gold pieces
 37941 | Spider:2 | Reached XP level 17. HP: 130/130 MP: 32/32
 37955 | Spider:2 | Identified the +2 ring mail of Ivutzer {rF++ MR+} (You
                  | found it on level 1 of the Spider Nest)
 38029 | Spider:2 | Noticed Kirke
 38035 | Spider:2 | Killed Kirke
 39583 | Spider:3 | Reached skill level 12 in Invocations
 39921 | Spider:3 | Noticed Arachne
 39930 | Spider:3 | Killed Arachne
 40326 | Spider:3 | Noticed Azrael
 40328 | Spider:3 | Reached XP level 18. HP: 138/138 MP: 20/34
 40334 | Spider:3 | Killed Azrael
 40695 | Spider:4 | Entered Level 4 of the Spider Nest
 41223 | Spider:4 | Noticed Bai Suzhen
 41257 | Spider:4 | Killed Bai Suzhen
 42960 | Spider:4 | Reached skill level 10 in Conjurations
 42960 | Spider:4 | Reached skill level 10 in Hexes
 42960 | Spider:4 | Reached skill level 10 in Charms
 42960 | Spider:4 | Reached skill level 10 in Summonings
 42960 | Spider:4 | Reached skill level 10 in Necromancy
 42960 | Spider:4 | Reached skill level 10 in Translocations
 42960 | Spider:4 | Reached skill level 10 in Transmutations
 42960 | Spider:4 | Reached skill level 10 in Fire Magic
 42960 | Spider:4 | Reached skill level 10 in Air Magic
 42960 | Spider:4 | Reached skill level 10 in Earth Magic
 42960 | Spider:4 | Reached skill level 10 in Poison Magic
 43162 | Spider:4 | Got a gossamer rune of Zot
 43555 | Vaults:1 | Entered Level 1 of the Vaults
 44251 | Vaults:1 | Identified the amulet "Wofaplia" {Acrobat rPois SInv} (You
                  | found it on level 1 of the Spider Nest)
 45225 | Vaults:1 | Reached XP level 19. HP: 132/146 MP: 33/35
 45659 | Vaults:1 | Reached skill level 13 in Invocations
 45999 | Vaults:2 | Paralysed by an orc sorcerer for 7 turns
 46225 | Vaults:2 | HP: 4/146 [mirror damage (7)]
 46225 | Vaults:2 | Killed by mirror damage

Illustrated notes

Levels and vault maps discovered:
D:1:      dpeg_arrival_rhombus, layout_basic
D:2:      minmay_angry_zag, layout_basic, lemuel_round_altar, first_ration,
          corexii_leaking_fountain
D:3:      layout_basic
D:4:      layout_loops_ring, minmay_temple_entry_statues, uniq_robin
D:5:      layout_basic, minmay_fractal_squares_5
D:6:      layout_basic, cheibrodos_sewer_entry_sluice, serial_shops,
          nicolae_shop_competitors_out_of_business, interstate_on_off,
          minmay_crystal_room
D:7:      minmay_cornered_nines, layout_gridville, corexii_corridor_pit,
          minmay_misc_feat_doors, uniq_prince_ribbit1
D:8:      layout_cave_pools, due_lair_maze_entry_diamond,
          hangedman_pestilent_swarm, uniq_maggie, uniq_psyche
D:9:      layout_basic, basic_altar, nicolae_evil_shop
D:10:     layout_basic, minmay_ruined_shrine, uniq_maurice, uniq_snorg,
          uniq_sonja
D:11:     layout_roguey, david_orc_1_choice, portal_ice_cave_entry_imps,
          gammafunk_ghost_grave
D:12:     layout_roguey, uniq_frances
D:13:     layout_loops_ring, david_vaults_2, serial_shops, shop
D:14:     layout_cave_pods
D:15:     hangedman_depths_entry_civil_slaughter, layout_long_grid
Temple:   kilobyte_greek_temple
Lair:1:   layout_cave_pods, chequers_serial_rivers_micro_d, lemuel_fruit_tree
Lair:2:   layout_cave_pods, serial_bayou_shore_a
Lair:3:   layout_misc_corridors, nicolae_spider_entry_orb_guardian, st_stairs_4,
          grunt_forest_stairs_basic, minmay_lair_oklob_chamber,
          grunt_megastairs_3, uniq_fannar
Lair:4:   layout_concentric_octagons, minmay_shoals_entry_lonely_mermaid,
          grunt_megastairs_1
Lair:5:   layout_roguey, ldierk_geyser, minivault_29
Lair:6:   grunt_lair_end_beastmaster, layout_loops_ring,
          dpeg_slime_entry_corner, worms_lemuel
Spider:1: layout_spider_delve, gammafunk_ghost_split
Spider:2: layout_spider_delve, uniq_kirke
Spider:3: layout_spider_delve, uniq_azrael, uniq_arachne
Spider:4: spider_rune_water, nicolae_looking_at_the_future, uniq_bai_suzhen
Orc:1:    layout_caves, basic_altar
Orc:2:    grunt_orc_gardens, layout_caves, grunt_orc_garden, grunt_orc_garden,
          grunt_orc_garden, grunt_orc_garden, basic_altar
Vaults:1: st_lines, v_misc_14, v_misc_33, nicolae_vaults_shelves_hall,
          vaults_dpeg_hooks, hangedman_vaults_stream,
          nicolae_vaults_bisected_slash, dpeg_vaults_monster_row,
          layout_vaults_omnicross
Vaults:2: gammafunk_vaults_ghost_spectres, v_misc_1, ontoclasm_vaults_eye,
          nicolae_vaults_specimen_jars, nicolae_vaults_network_star,
          vaults_room_pool, vaults_dpeg_encased_lava, ontoclasm_vaults_tryst,
          dpeg_vaults_monster_box, nicolae_vaults_network_periphery, st_lattice,
          v_misc_4, layout_vaults_quadrants, basic_altar

Skill      XL: |  1  2  3  4  5  6  7  8  9 10 11 12 13 14 15 16 17 18 19 |
---------------+----------------------------------------------------------+-----
Spellcasting   | 5 6 7 8 9 10 11 12 | 12.9
Invocations    | 1 2 3 4 5 6 7 8 9 10 11 12 13 | 13.0
Fighting       | 1 2 3 4 5 6 7 8 9 10 11 12 | 12.1
Short Blades   | 1 2 3 4 5 6 7 8 9 10 11 12 | 12.1
Long Blades    | 1 2 3 4 5 6 7 8 9 10 11 12 | 12.1
Axes           | 1 2 3 4 5 6 7 8 9 10 11 12 | 12.1
Maces & Flails | 1 2 3 4 5 6 7 8 9 10 11 12 | 12.1
Polearms       | 1 2 3 4 5 6 7 8 9 10 11 12 | 12.1
Staves         | 1 2 3 4 5 6 7 8 9 10 11 12 | 12.1
Slings         | 1 2 3 4 5 6 7 8 9 10 11 12 | 12.1
Bows           | 1 2 3 4 5 6 7 8 9 10 11 12 | 12.1
Crossbows      | 1 2 3 4 5 6 7 8 9 10 11 12 | 12.1
Throwing       | 1 2 3 4 5 6 7 8 9 10 11 12 | 12.1
Armour         | 1 2 3 4 5 6 7 8 9 10 11 12 | 12.1
Shields        | 1 2 3 4 5 6 7 8 9 10 11 12 | 12.1
Unarmed Combat | 1 2 3 4 5 6 7 8 9 10 11 12 | 12.1
Evocations     | 1 2 3 4 5 6 7 8 9 10 11 12 | 12.1
Conjurations   | 1 2 3 4 5 6 7 8 9 10 | 10.3
Hexes          | 1 2 3 4 5 6 7 8 9 10 | 10.3
Charms         | 1 2 3 4 5 6 7 8 9 10 | 10.3
Summonings     | 1 2 3 4 5 6 7 8 9 10 | 10.3
Necromancy     | 1 2 3 4 5 6 7 8 9 10 | 10.3
Translocations | 1 2 3 4 5 6 7 8 9 10 | 10.3
Transmutations | 1 2 3 4 5 6 7 8 9 10 | 10.3
Fire Magic     | 1 2 3 4 5 6 7 8 9 10 | 10.3
Air Magic      | 1 2 3 4 5 6 7 8 9 10 | 10.3
Earth Magic    | 1 2 3 4 5 6 7 8 9 10 | 10.3
Poison Magic   | 1 2 3 4 5 6 7 8 9 10 | 10.3
Dodging        | 5 6 7 8 9 10 11 12 | 12.8
Stealth        | 5 6 7 8 9 10 11 12 | 12.7
Ice Magic      | 8 9 10 11 12 | 12.3

Action                   |  1- 3 |  4- 6 |  7- 9 | 10-12 | 13-15 | 16-18 | 19-21 || total
-------------------------+-------+-------+-------+-------+-------+-------+-------++-------
Melee: Unarmed           |    76 |    19 |       |     7 |       |       |       ||   102
       Bite              |     6 |     9 |    28 |    44 |    75 |       |       ||   162
       Hand axe          |       |    68 |       |       |       |       |       ||    68
       Dagger            |       |    18 |    13 |       |       |       |       ||    31
       Rapier            |       |       |   151 |       |       |       |       ||   151
       Punch             |       |       |     1 |       |       |       |       ||     1
       Whip              |       |       |    75 |   125 |       |       |       ||   200
       Quarterstaff      |       |       |       |   372 |   617 |       |       ||   989
 Fire: Fustibalus        |       |       |       |       |   430 |   999 |    97 ||  1526
Throw: Dart              |       |       |       |     4 |       |       |       ||     4
       Throwing net      |       |       |       |     1 |       |       |       ||     1
 Cast: Freeze            |    22 |       |       |    15 |     6 |       |       ||    43
       Frozen Ramparts   |     8 |    13 |    21 |    48 |   100 |    52 |     6 ||   248
       Summon Ice Beast  |       |     2 |    12 |    30 |    49 |    36 |     3 ||   132
       Hailstorm         |       |       |     8 |    17 |    53 |    18 |     6 ||   102
       Borgnjor's Vile C |       |       |       |       |    13 |    10 |       ||    23
       Freezing Cloud    |       |       |       |       |       |     4 |     2 ||     6
Invok: Call Merchant     |       |       |       |       |     3 |     2 |       ||     5
       Potion Petition   |       |       |       |       |     1 |       |       ||     1
Evoke: Wand              |       |       |     2 |     1 |     4 |     4 |       ||    11
  Use: Scroll            |       |       |     2 |    13 |    10 |     2 |       ||    27
       Potion            |       |       |       |       |     1 |     1 |       ||     2
 Stab: Sleeping          |     3 |    13 |    16 |    29 |     8 |       |       ||    69
       Distracted        |       |     1 |     2 |     5 |     5 |       |       ||    13
       Paralysed         |       |       |     3 |     1 |     1 |       |       ||     5
       Held in net/web   |       |       |       |     1 |       |       |       ||     1
       Invisible         |       |       |       |       |     1 |       |       ||     1
  Eat: Chunk             |     2 |     8 |     1 |       |       |       |       ||    11
       Ration            |       |       |     5 |     9 |    17 |     9 |     1 ||    41
Armor: Robe              |    27 |    17 |    18 |     2 |   118 |   122 |     4 ||   308
       Steam dragon scal |       |       |       |   130 |       |       |       ||   130
Dodge: Dodged            |    85 |    91 |   151 |   388 |   672 |   390 |    21 ||  1798
Block: Buckler           |       |       |    66 |    31 |       |       |       ||    97
       Kite shield       |       |       |       |       |    22 |   312 |    26 ||   360
